Unix NetHack Version 5.0.0-0 post-release - last build Jun 10 2026 00:39:30 (3ee93aec679c4c4259841fe613dc97188e26a321,branch:main).

Game began 2026-07-02 22:13:17, ended 2026-07-02 23:14:01.

ARFwashere, neutral male human Archeologist

                                          -----         ------        --------
              ----                        |...|  #######-....|        |......|
              +....                       .....###      |....|        |......|
              |                           |@..|         |....|        |......|
                                          -f---         |....|        |......|
                                                        --|-.-        |......|
                                                          ###         |......|
                                                          ##          --.-----
                                                          ##            #
                                                         ###            #
                                           |             # #           ##
                                           .            -.-.--        ##
                                           .            |....|        #
                                           .            |....|      --.-----
                                          ---           |....|     #....{..|
                                                        |<...|  ####|......|
                                                        |.....###   |.....(|
                                                        |....|      |......|
                                                        ------      --------

ARFwashere the Field Worker  St:12 Dx:11 Co:16 In:13 Wi:15 Ch:10  Neutral
Dlvl:3  $:411 HP:0(46) Pw:24(24) AC:4  Xp:5 T:4357  Burdened

Latest messages:
 You see here a gecko corpse.
 There is a gecko corpse here; eat it? [ynq] (n) y
 This gecko corpse tastes okay.
 You finish eating the gecko corpse.
 You see here a blindfold.
 You see here a blindfold.
 You have a little trouble lifting c - a blindfold.
 You fall down the stairs.
 You see here an empty broken chest.
 You are beginning to feel weak.
 What do you want to eat? [dHPZ or ?*] ?
 This food really hits the spot!
 You finish eating the food ration.
 You have a little trouble lifting $ - 7 gold pieces (411 in total).
 The coyote bites!
 You hit the coyote.
 The coyote bites!
 You hit the coyote.
 The coyote bites!
 The coyote bites!
 You miss the coyote.
 The coyote misses!
 You kill the coyote!
 The kitten bites!
 You see here a magenta potion.
 The kitten bites!
 You hit the kitten.
 The kitten bites!
 The kitten bites!
 You hit the kitten.
 The kitten just misses!
 The kitten bites!
 The kitten bites!
 The kitten bites!
 You hit the kitten.
 The kitten bites!
 The kitten bites!
 You hit the kitten.
 The kitten bites!
 The kitten bites!
 You miss the kitten.
 The kitten bites!
 The kitten bites!
 The kitten bites!
 You die...
 Do you want your possessions identified? [ynq] (y) n
 Do you want to see your attributes? [ynq] (y) n
 Do you want an account of creatures vanquished? [ynaq] (y) n
 Do you want to see your conduct and achievements? [ynq] (y) n
 Do you want to see the dungeon overview? [ynq] (y) n

Inventory:
 Coins    ('$')
  $ - 411 gold pieces
 Amulets  ('"')
  b - an uncursed amulet of guarding
 Weapons  (')')
  R - 11 blessed +1 darts
  N - 9 blessed +0 darts
  M - 11 +0 darts (at the ready)
  I - a +0 elven dagger
  a - a +2 bullwhip
 Armor    ('[')
  n - an uncursed +0 orcish helm (being worn)
  o - an uncursed +0 shield of reflection
  J - an uncursed +0 elven mithril-coat (being worn)
 Comestibles  ('%')
  d - 5 uncursed food rations
  Z - an uncursed partly eaten food ration
  H - an uncursed lembas wafer
  P - an uncursed pancake
 Scrolls  ('?')
  F - an uncursed scroll of gold detection
  X - an uncursed scroll of magic mapping
 Potions  ('!')
  G - an uncursed potion of booze
  p - an uncursed potion of healing
  L - a cursed potion of levitation
  k - an uncursed potion of monster detection
 Wands    ('/')
  E - a wand of slow monster (0:6)
 Tools    ('(')
  h - an empty uncursed sack
  U - a horn of plenty (0:7)
  c - an uncursed blindfold
  i - a magic marker (0:20)
  j - an uncursed mirror
  Y - a +0 pick-axe
  e - a rusty +0 pick-axe (weapon in right hand)
  f - a tinning kit (0:61)
 Gems/Stones  ('*')
  O - an uncursed ruby
  g - an uncursed touchstone

ARFwashere the Archeologist's attributes:

Background:
 You were a Field Worker, a level 5 male human Archeologist.
 You were neutral, on a mission for Camaxtli
 who was opposed by Quetzalcoatl (lawful) and Huhetotl (chaotic).
 You were right-handed.
 You were in the Dungeons of Doom, on level 3.
 You entered the dungeon 4357 turns ago.
 It was nighttime.
 There was a full moon in effect when your adventure ended.
 You had 171 experience points, 149 more were needed to attain level 6.

Basics:
 You had 0 out of 46 hit points.
 You had all 24 energy points (spell power).
 Your armor class was 4.
 Your wallet contained 411 zorkmids.
 Autopickup was on for '$' plus thrown.

Final Characteristics:
 Your strength was 12 (limit:18/100).
 Your dexterity was 11 (limit:18).
 Your constitution was 16 (limit:18).
 Your intelligence was 13 (limit:18).
 Your wisdom was 15 (limit:18).
 Your charisma was 10 (limit:18).

Final Status:
 You weren't hungry.
 You were burdened; movement was slightly slowed.
 You were wielding a pick-axe.
 You had basic skill with pick-axe.

Final Attributes:
 You were piously aligned.
 You had automatic searching.
 You were stealthy.
 You were guarded.
 You were lucky.
 You are dead.

Miscellaneous:
 You encountered 1 bones level.
 Total elapsed playing time was 1 hour and 43 seconds.

Major events:
 Turn
    1: ARFwashere the neutral male human Archeologist entered the dungeon
 1673: entered the Gnomish Mines
 1774: attained the rank of Field Worker (level 3)
 4357: killed by a kitten

You didn't know any spells.

Skills:
 Fighting Skills
   bare handed combat [Unskilled]
   two weapon combat  [Unskilled]
   riding             [Unskilled]
 Weapon Skills
   dagger             [Unskilled]
   knife              [Unskilled]
   pick-axe           [Basic]
   short sword        [Unskilled]
   saber              [Unskilled]
   club               [Unskilled]
   quarterstaff       [Unskilled]
   sling              [Unskilled]
   dart               [Unskilled]
   boomerang          [Unskilled]
   whip               [Basic]
   unicorn horn       [Unskilled]
 Spellcasting Skills
   attack spells      [Unskilled]
   healing spells     [Unskilled]
   divination spells  [Unskilled]
   matter spells      [Unskilled]

Voluntary challenges:
 Character rerolling was not enabled.
 You never genocided any monsters.
 You never polymorphed an object.
 You never changed form.
 You used no wishes.
Achievements:
 You entered a shop.
 You entered the Gnomish Mines.
 You attained the rank of Field Worker.

 The Dungeons of Doom: levels 1 to 3
    Level 1:
       An altar to Camaxtli, a fountain.
    Level 2:
       An armor shop, a grave.
       Stairs down to The Gnomish Mines.
    Level 3: <- You were here.
       A fountain.
       Final resting place for
          you, killed by a kitten.
 The Gnomish Mines: levels 3 to 4
    Level 3:
    Level 4:
       Final resting place for
          pots164-Kni-Hum-Mal-Law, killed by a crossbow bolt.


Vanquished creatures:
  2 shriekers
  2 gnome leaders
  2 dwarves
  2 homunculi
  a coyote
  a hobbit
  a red mold
  9 gnomes
  6 geckos
  9 jackals
  4 foxes
  2 kobolds
  2 goblins
  4 sewer rats
  6 grid bugs
  5 lichens
  a kobold zombie
  4 newts
63 creatures vanquished.

No species were genocided or became extinct.

Game over:
                       ----------
                      /          \
                     /    REST    \
                    /      IN      \
                   /     PEACE      \
                  /                  \
                  |    ARFwashere    |
                  |      411 Au      |
                  |   killed by a    |
                  |      kitten      |
                  |                  |
                  |                  |
                  |       2026       |
                 *|     *  *  *      | *
        _________)/\\_//(\/(/\)/\//\/|_)_______

Goodbye ARFwashere the Archeologist...

You died in The Dungeons of Doom on dungeon level 3 with 1204 points,
and 411 pieces of gold, after 4357 moves.
You were level 5 with a maximum of 46 hit points when you died.

